[Event "ETCC Women 2013"]
[Site "Warsaw"]
[Date "2013.11.12"]
[Round "5"]
[White "Olsarova, Tereza"]
[Black "Stoeri, Laura"]
[Result "1-0"]
[ECO "B01"]
[WhiteElo "2248"]
[BlackElo "2102"]
[PlyCount "65"]
[EventDate "2013.??.??"]
[EventCountry "POL"]
[WhiteTeam "Czech Republic"]
[BlackTeam "Switzerland"]
[WhiteTeamCountry "CZE"]
[BlackTeamCountry "SUI"]
[TimeControl "40/5400+30:1800+30"]

1. e4 d5 2. exd5 Qxd5 3. Nc3 Qa5 4. d4 Nf6 5. Bd2 c6 6. Bc4 Qc7 7. Qe2 Bf5 8. O-O-O e6 9. f3 Be7 10. g4 Bg6 11. h4 h6 12. Nh3 Nd5 13.
Bxd5 cxd5 14. Nf4 Bh7 15. g5 Bf5 16. Nh5 g6 17. Bf4 Qc6 18.
Ng7+ Kd7 19. Nxf5 gxf5 20. gxh6 Na6 21. Rdg1 Bf6 22. Nb5 Nb4 23. Kb1 a6 24. Nd6 Bxd4 25. Rd1 Bf6 26. Nxf7 Rhc8 27. c3 Nxa2 28. Be5 Ke7 29. Ng5 Bxe5 30. Qxe5 Nb4 31. Qg7+ Kd6 32. Nf7+ Kc7 33. Ne5+ 1-0

[Event "ETCC Women 2013"]
[Site "Warsaw"]
[Date "2013.11.12"]
[Round "5"]
[White "Pavlidou, Ekaterini"]
[Black "Kulon, Klaudia"]
[Result "0-1"]
[ECO "D86"]
[WhiteElo "2199"]
[BlackElo "2276"]
[PlyCount "90"]
[EventDate "2013.??.??"]
[EventCountry "POL"]
[WhiteTeam "Greece"]
[BlackTeam "Poland"]
[WhiteTeamCountry "GRE"]
[BlackTeamCountry "POL"]
[TimeControl "40/5400+30:1800+30"]

1. d4 Nf6 2. c4 g6 3. Nc3 d5 4. cxd5 Nxd5 5. e4 Nxc3 6. bxc3 Bg7 7. Bc4 c5 8. Ne2 O-O 9. O-O Nc6 10. Be3 Qc7 11. Rc1 Rd8 12. Qd2 Ne5 13.
Bd5 Ng4 14. Bf4 e5 15. Bg3 Qa5 16. Qb2 Nf6 17. Bxe5 Nxd5 18. Bxg7 Kxg7 19. exd5 c4 20. Nf4 Qc7 21. Qd2 Re8 22. Rce1 Bf5 23. h3 Qd6 24. f3 b5 25.
g4 Bd7 26. h4 b4 27. Re4 a5 28. Qh2 Kg8 29. Rfe1 b3 30. axb3 cxb3 31. c4 Qb4 32. Rxe8+ Rxe8 33. Rxe8+ Bxe8 34. Qe2 Bd7 35. Nd3 Qxc4 36. Qe5 h6 37. Nc5 Bb5 38. Qb8+ Kh7 39. Kh2 b2 40. Ne6 Qe2+ 41. Kg3 b1=Q 42. Nf8+ Kg7 43. Ne6+ Qxe6 44. dxe6 Qg1+ 45. Kf4
Qh2+ 0-1

[Event "ETCC Women 2013"]
[Site "Warsaw"]
[Date "2013.11.12"]
[Round "5"]
[White "Pogonina, Natalija"]
[Black "Melamed, Tatjana"]
[Result "0-1"]
[ECO "E15"]
[WhiteElo "2499"]
[BlackElo "2367"]
[PlyCount "90"]
[EventDate "2013.??.??"]
[EventCountry "POL"]
[WhiteTeam "Russia"]
[BlackTeam "Germany"]
[WhiteTeamCountry "RUS"]
[BlackTeamCountry "GER"]
[TimeControl "40/5400+30:1800+30"]

1. d4 Nf6 2. c4 e6 3. Nf3 b6 4. g3 Ba6 5. b3 Bb4+ 6. Bd2 Be7 7. Nc3 d5 8.
cxd5 exd5 9. Bg2 O-O 10. O-O Bb7 11. Bc1 Nbd7 12. Bb2 Re8 13. Rc1 Bf8 14. Re1 a6 15. e3 Bd6 16. Ne2 Qe7 17. Nf4 Ne4 18. Qc2 c6 19. Red1 Rac8 20. Qe2 Ng5 21. Nxg5 Qxg5 22. Nd3 Qe7 23. Rc2 Nf6 24. Re1 h5 25.
Ne5 h4 26. gxh4 c5 27. f4 Ne4 28. h5 cxd4 29. Rxc8 Rxc8 30. Bxd4 Qh4 31. Nf3 Qxh5 32. Bxb6 Bb4 33. Ra1 Rc6 34. Bd4 Bc8 35. Qf1 Rg6 36. Ng5 Nxg5 37. fxg5 Bd6 38. Qf3 Qxh2+ 39. Kf2 Qh4+ 40. Kf1 Rxg5 41. e4 Rg3 42. Qf2 Bh3 43. Bxh3 Qxh3+ 44. Ke1 Rg2 45. Qf1 Bb4+ 0-1

[Event "ETCC Women 2013"]
[Site "Warsaw"]
[Date "2013.11.12"]
[Round "5"]
[White "Purgar, Ivona"]
[Black "Dierckens, Sarah"]
[Result "0-1"]
[ECO "C13"]
[WhiteElo "2136"]
[BlackElo "1872"]
[PlyCount "138"]
[EventDate "2013.??.??"]
[EventCountry "POL"]
[WhiteTeam "Croatia"]
[BlackTeam "Belgium"]
[WhiteTeamCountry "CRO"]
[BlackTeamCountry "BEL"]
[TimeControl "40/5400+30:1800+30"]

1. e4 e6 2. d4 d5 3. Nc3 Nf6 4. Bg5 Be7 5. e5 Nfd7 6. h4 Bxg5 7. hxg5 Qxg5 8. Qd3 h6 9. Nh3 Qd8 10. O-O-O a6 11. Qg3 Kf8 12. Nf4 c5 13. dxc5 Nc6 14. Nd3 Qa5 15. Kb1 Nxc5 16. Nxc5 Qxc5 17. f4 b5 18. Qh4 Bb7 19. Bd3 Nb4 20. f5 Nxd3 21. Rxd3 exf5 22. Qf4 Rc8 23. Rd2 d4 24. Rxd4 Be4 25. Qd2 Qxe5 26. Re1 g5 27. Nxe4 fxe4 28. Rdxe4 Qf6 29. Qe2 Kg7 30. Rf1 Qg6 31. Re7 Rhf8 32. a3 Qc6 33. Re1 Kg8 34. Qf2 Rce8 35. g4 Rxe7 36. Rxe7 Qd6 37. Re1 Rd8 38. Rf1 Qe6 39. Qg2 Rd4 40. Rg1 Re4 41. Qg3 Re3 42. Qf2 Re2 43. Qg3 Qe4 44. Qc3 Qe3 45. Qxe3 Rxe3 46. b3 Kg7 47. Kb2 Kg6 48. Rd1 Re6 49. c4 bxc4 50.
bxc4 f5 51. gxf5+ Kxf5 52. Kc3 g4 53. Rf1+ Ke4 54. Re1+ Kf5 55.
Rf1+ Ke5 56. Re1+ Kd6 57. Rg1 Rg6 58. Kd4 g3 59. Rg2 Rg4+ 60.
Ke3 Rxc4 61. Rd2+ Ke5 62. Rd3 Rg4 63. Rd1 h5 64. Kf3 g2 65.
Rg1 Kd4 66. Kf2 Kc3 67. Rc1+ Kb2 68. Rg1 Kxa3 69. Ra1+ Kb2 0-1

[Event "ETCC Women 2013"]
[Site "Warsaw"]
[Date "2013.11.12"]
[Round "5"]
[White "Rautanen, Sari"]
[Black "Grigoryan, Meri"]
[Result "1/2-1/2"]
[ECO "A06"]
[WhiteElo "1956"]
[BlackElo "2039"]
[PlyCount "81"]
[EventDate "2013.??.??"]
[EventCountry "POL"]
[WhiteTeam "Finland"]
[BlackTeam "England"]
[WhiteTeamCountry "FIN"]
[BlackTeamCountry "ENG"]
[TimeControl "40/5400+30:1800+30"]

1. Nf3 d5 2. g3 e6 3. Bg2 Bd6 4. O-O f5 5. d3 Nf6 6. Nbd2 Nbd7 7. e4 O-O 8.
exf5 exf5 9. Nd4 Ne5 10. N2f3 Ng6 11. Ng5 Re8 12. Re1 c6 13. c3 h6 14. Ngf3 f4
15. Bd2 Bg4 16. Qb3 Qc7 17. c4 h5 18. cxd5 Nxd5 19. Ng5 Nge7 20. Nb5 Qd7 21.
Nxd6 Qxd6 22. Bxf4 Qb4 23. Qxb4 Nxb4 24. h3 Bf5 25. Be4 Nxd3 26. Bxd3 Bxd3 27.
Rad1 Bf5 28. Re5 Kf8 29. Rde1 Rad8 30. Be3 b6 31. Kg2 Rd5 32. Bf4 Rxe5 33. Bxe5
Rd8 34. h4 Nd5 35. a3 Rd7 36. Rc1 c5 37. Re1 Ne7 38. Bc3 Nc6 39. Nf3 Nd4 40.
Re5 g6 41. Ng5 1/2-1/2

[Event "ETCC Women 2013"]
[Site "Warsaw"]
[Date "2013.11.12"]
[Round "5"]
[White "Revo, Tatiana"]
[Black "Kopinits, Anna-Christina"]
[Result "1-0"]
[ECO "B30"]
[WhiteElo "2075"]
[BlackElo "2263"]
[PlyCount "59"]
[EventDate "2013.??.??"]
[EventCountry "POL"]
[WhiteTeam "Belarus"]
[BlackTeam "Austria"]
[WhiteTeamCountry "BLR"]
[BlackTeamCountry "AUT"]
[TimeControl "40/5400+30:1800+30"]

1. e4 c5 2. Nf3 Nc6 3. Bb5 e5 4. O-O Bd6 5. c3 Qc7 6. h3 Nge7 7. d4 cxd4 8.
cxd4 O-O 9. Nc3 exd4 10. Nxd4 Nxd4 11. Qxd4 Be5 12. Qd3 a6 13. Bc4 b5 14. Bd5 Bb7 15. Rd1 Nxd5 16. Nxd5 Bxd5 17. Qxd5 Rfe8 18. Rb1 Qc2 19. Be3 Bxb2 20. Qxd7 Bf6 21. Rbc1 Qxa2 22. Rd5 h6 23. Rc7 Qb1+ 24. Kh2 Qxe4 25. Qxf7+ Kh8 26. Bxh6 Be5+ 27. f4 Qxd5 28.
Bxg7+ Kh7 29. Qh5+ Kg8 30. Qh8# 1-0

[Event "ETCC Women 2013"]
[Site "Warsaw"]
[Date "2013.11.12"]
[Round "5"]
[White "Rudolf, Anna"]
[Black "Kaplan, Ebru"]
[Result "1-0"]
[ECO "C84"]
[WhiteElo "2281"]
[BlackElo "1882"]
[PlyCount "57"]
[EventDate "2013.??.??"]
[EventCountry "POL"]
[WhiteTeam "Hungary"]
[BlackTeam "Turkey"]
[WhiteTeamCountry "HUN"]
[BlackTeamCountry "TUR"]
[TimeControl "40/5400+30:1800+30"]

1. e4 e5 2. Nf3 Nc6 3. Bb5 a6 4. Ba4 Nf6 5. O-O Be7 6. d3 b5 7. Bb3 d6 8. a4 Bd7 9. Bd2 O-O 10. Nc3 Rb8 11. axb5 axb5 12. Nd5 Nd4 13. Nxd4 exd4 14. Nxe7+ Qxe7 15. Ra7 Rfc8 16. Qf3 Ng4 17. Qg3 Be6 18. Bd5 Ne5 19. Bxe6 Qxe6 20. f4 Nd7 21. Qf2 c5 22. f5 Qe8 23. Qg3 Ne5 24. Bh6 g6 25. Qg5 Qd8 26. Re7 Ng4 27. fxg6 Nxh6 28. Qxh6 Qxe7 29. Qxh7+ 1-0

[Event "ETCC Women 2013"]
[Site "Warsaw"]
[Date "2013.11.12"]
[Round "5"]
[White "Saric, Kristina"]
[Black "Barbier, Wiebke"]
[Result "1-0"]
[ECO "C41"]
[WhiteElo "2250"]
[BlackElo "1945"]
[PlyCount "123"]
[EventDate "2013.??.??"]
[EventCountry "POL"]
[WhiteTeam "Croatia"]
[BlackTeam "Belgium"]
[WhiteTeamCountry "CRO"]
[BlackTeamCountry "BEL"]
[TimeControl "40/5400+30:1800+30"]

1. e4 d6 2. d4 Nf6 3. Nc3 e5 4. Nf3 Nbd7 5. Bc4 Be7 6. O-O O-O 7. Re1 c6 8. a4 a5 9. h3 Nb6 10. Bf1 Qc7 11. Be3 Re8 12. dxe5 dxe5 13. Nxe5 Nxa4 14. Rxa4 Qxe5 15. f4 Qc7 16. e5 Nd7 17. Kh1 b5 18. Rd4 Nc5 19. Rd6 b4 20. Bxc5 bxc3 21. bxc3 Be6 22. Bd3 Bxd6 23. Bxd6 Qd7 24. Qf3 Bd5 25. Qg3 Be6 26. Rf1 Bf5 27. Qg5 Bxd3 28. cxd3 h6 29. Qg3 Qf5 30. Qf3 h5 31. Ra1 a4 32. Ra3 Ra6 33. c4 Rea8 34. Qe3 R8a7 35. d4 Rb7 36. d5 cxd5 37. cxd5 Rb3 38. Qd2 Qe4 39. Bc5 Rb7 40. d6 Qc6 41. Rc3 Ra8 42. Ba3 Qd7 43. Qc2 Qb5 44. Kh2 Rab8 45.
Qe4 Qa5 46. Rc5 Qa8 47. e6 g6 48. d7 f5 49. Qd5 Ra7 50. Qxa8 Raxa8 51. e7 Kf7 52. Rd5 Rd8 53. exd8=Q Rxd8 54. Kg3 Ke6 55. Rd6+ Kf7 56. Kh4 Kg7 57. Kg5 Kf7 58. Rf6+ Kg7 59. Rxg6+ Kf7 60. Rf6+ Kg7 61. Rd6 Kf7 62. Kxf5 1-0

[Event "ETCC Women 2013"]
[Site "Warsaw"]
[Date "2013.11.12"]
[Round "5"]
[White "Schnegg, Anna-Lena"]
[Black "Nevioselaya, Maria"]
[Result "1-0"]
[ECO "C95"]
[WhiteElo "2076"]
[BlackElo "2074"]
[PlyCount "65"]
[EventDate "2013.??.??"]
[EventCountry "POL"]
[WhiteTeam "Austria"]
[BlackTeam "Belarus"]
[WhiteTeamCountry "AUT"]
[BlackTeamCountry "BLR"]
[TimeControl "40/5400+30:1800+30"]

1. e4 e5 2. Nf3 Nc6 3. Bb5 a6 4. Ba4 Nf6 5. O-O Be7 6. Re1 b5 7. Bb3 d6 8. c3 O-O 9. h3 Nb8 10. d4 Nbd7 11. Nbd2 Bb7 12. Bc2 Re8 13. a4 c6 14. b4 Bf8 15. Bd3 g6 16. axb5 axb5 17. Rxa8 Qxa8 18. Nb3 d5 19. dxe5 Nxe4 20. Bxe4 dxe4 21. Ng5 Nxe5 22. Nxe4 Bg7 23. Nbc5 Rd8 24. Qe2 Bc8 25. Bg5 Re8 26. Kh1 Rf8 27. Be7 Bf5 28. Bxf8 Qxf8 29. Ng3 Nc4 30. Nxf5 gxf5 31. Nd7 Qd6 32. Qe8+ Bf8 33. Nxf8 1-0

[Event "ETCC Women 2013"]
[Site "Warsaw"]
[Date "2013.11.12"]
[Round "5"]
[White "Schut, Lisa"]
[Black "Bulmaga, Irina"]
[Result "1/2-1/2"]
[ECO "B90"]
[WhiteElo "2333"]
[BlackElo "2399"]
[PlyCount "122"]
[EventDate "2013.??.??"]
[EventCountry "POL"]
[WhiteTeam "Netherlands"]
[BlackTeam "Romania"]
[WhiteTeamCountry "NED"]
[BlackTeamCountry "ROU"]
[TimeControl "40/5400+30:1800+30"]

1. e4 c5 2. Nf3 d6 3. d4 cxd4 4. Nxd4 Nf6 5. Nc3 a6 6. h3 e6 7. g4 d5 8.
exd5 Nxd5 9. Nde2 Bb4 10. Bg2 O-O 11. O-O Nxc3 12. Nxc3 Qc7 13. Qf3 Bd6 14. Be3 Nc6 15. Ne4 Be7 16. g5 Qe5 17. Rad1 Qxb2 18. c3 Qb5 19. Nf6+ Bxf6 20. gxf6 Qf5 21. fxg7 Re8 22. Qg3 e5 23.
Kh2 e4 24. f3 Qg6 25. fxe4 Qxg3+ 26. Kxg3 Kxg7 27. Bg5 Re6 28.
Kh2 h6 29. Bf4 Ne5 30. Rd8 b5 31. Rd5 f6 32. Bxe5 Rxe5 33. Rd8 Kg6 34. Rf8 Kg7 35. Rd8 Kg6 36. Rg1 Bb7 37. Rd7 Bc8 38. Rc7 Rb8 39. Bf3+ Rg5 40. Rd1 h5 41. Rd8 Bg4 42. Rxb8 Bxf3 43. Rg8+ Kh6 44. Rxg5 Kxg5 45. Re7 Kf4 46. Re6 a5 47. Rxf6+ Kxe4 48. Kg3 Be2 49. Rd6 Ke3 50. a4 bxa4 51. Rd5 Bc4 52. Rxh5 Kd3 53. Rxa5 Bb3 54. h4 Kxc3 55. h5 Kb4 56. h6 Bc2 57. Ra7 a3 58. Kf3 Kb3 59. Ke3 a2 60.
Kd2 Bg6 61. Kc1 Bf5 1/2-1/2

[Event "ETCC Women 2013"]
[Site "Warsaw"]
[Date "2013.11.12"]
[Round "5"]
[White "Sebag, Marie"]
[Black "Mammadova, Gulnar"]
[Result "1-0"]
[ECO "C04"]
[WhiteElo "2510"]
[BlackElo "2354"]
[PlyCount "63"]
[EventDate "2013.??.??"]
[EventCountry "POL"]
[WhiteTeam "France"]
[BlackTeam "Azerbaijan"]
[WhiteTeamCountry "FRA"]
[BlackTeamCountry "AZE"]
[TimeControl "40/5400+30:1800+30"]

1. e4 e6 2. d4 d5 3. Nd2 Nc6 4. Ngf3 Nf6 5. e5 Nd7 6. Bd3 Nb4 7. Be2 c5 8.
c3 Nc6 9. O-O cxd4 10. cxd4 f6 11. exf6 Nxf6 12. Nb3 Bd6 13. Bg5 O-O 14. Bh4 Qe8 15. Bg3 Bxg3 16. hxg3 a5 17. Nc5 e5 18. dxe5 Nxe5 19. Nxe5 Qxe5 20. Nd3 Qd4 21. b3 Bf5 22. Nf4 Qe5 23. Re1 Rad8 24. Bf1 Be4 25. Qd2 g5 26. Nd3 Qf5 27. f3 d4 28. g4 Qg6 29. Ne5 Qh6 30.
fxe4 Rfe8 31. Bc4+ Kf8 32. Nf7 1-0

[Event "ETCC Women 2013"]
[Site "Warsaw"]
[Date "2013.11.12"]
[Round "5"]
[White "Sedina, Elena"]
[Black "Ptacnikova, Lenka"]
[Result "1/2-1/2"]
[ECO "B01"]
[WhiteElo "2302"]
[BlackElo "2238"]
[PlyCount "97"]
[EventDate "2013.??.??"]
[EventCountry "POL"]
[WhiteTeam "Italy"]
[BlackTeam "Iceland"]
[WhiteTeamCountry "ITA"]
[BlackTeamCountry "ISL"]
[TimeControl "40/5400+30:1800+30"]

1. e4 d5 2. exd5 Qxd5 3. Nc3 Qd6 4. d4 Nf6 5. Nf3 g6 6. Bc4 Bg7 7. O-O O-O 8. h3 c6 9. a4 Be6 10. Bd3 Nbd7 11. Re1 Nb6 12. a5 Nbd5 13. Ng5 Bd7 14. Nxd5 cxd5 15. c3 Rfe8 16. Nf3 b5 17. Ne5 Qc7 18.
Bf4 Qc8 19. a6 Nh5 20. Bh2 Bxe5 21. Rxe5 Nf6 22. Qe2 e6 23. Bxb5 Bxb5 24. Qxb5 Rb8 25. Qe2 Rb6 26. Re3 Qc4 27. Bf4 Qxe2 28. Rxe2 Rc8 29. f3 Rcc6 30. Bh6 Nd7 31. Kf2 f6 32. h4 Kf7 33. g4 Rxa6 34. Rxa6 Rxa6 35. Bf4 Ra1 36. b3 Ra3 37. Rb2 e5 38. Be3 Ke6 39. c4 dxc4 40.
bxc4 exd4 41. Bxd4 Ne5 42. Bxe5 Kxe5 43. c5 Rc3 44. Ra2 Rxc5 45. Rxa7 h5 46. Re7+ Kd6 47. Rg7 hxg4 48. fxg4 g5 49. hxg5 1/2-1/2

[Event "ETCC Women 2013"]
[Site "Warsaw"]
[Date "2013.11.12"]
[Round "5"]
[White "Stefanova, Antoaneta"]
[Black "Cmilyte, Viktorija"]
[Result "1/2-1/2"]
[ECO "D85"]
[WhiteElo "2494"]
[BlackElo "2506"]
[PlyCount "103"]
[EventDate "2013.??.??"]
[EventCountry "POL"]
[WhiteTeam "Bulgaria"]
[BlackTeam "Lithuania"]
[WhiteTeamCountry "BUL"]
[BlackTeamCountry "LTU"]
[TimeControl "40/5400+30:1800+30"]

1. d4 Nf6 2. c4 g6 3. Nc3 d5 4. cxd5 Nxd5 5. Bd2 Bg7 6. e4 Nxc3 7. Bxc3 c5 8. d5 Bxc3+ 9. bxc3 O-O 10. Qd2 e6 11. d6 Bd7 12. h4 Bc6 13.
e5 Nd7 14. Qe3 f6 15. h5 g5 16. exf6 Qxf6 17. h6 Qe5 18. Rh5 Qxe3+ 19. fxe3 Kh8 20. Rxg5 Rf6 21. Nf3 Raf8 22. O-O-O Rxh6 23. Bc4 b5 24. Bd3 Rg8 25. Rf1 Rf6 26. Rh1 h6 27. Rgh5 Kg7 28. Ne5 Nxe5 29. Rxe5 Rd8 30. Rxc5 Rxd6 31. Bxb5 Bxb5 32. Rxb5 Rd3 33. Rb7+ Kg6 34. Rxa7 Rf2 35. c4 Rxe3 36. Kb1 Ree2 37. Rb7 Rxa2 38. Rc1 Rxg2 39. c5 Ra8 40. c6 Rga2 41. Rc3 R8a3 42. Rbb3 Rxb3+ 43. Rxb3 Ra8 44. Kc2 Rc8 45. Rc3 Kf6 46. Kd3 Ke5 47. Rc2 Kd6 48. Ke4 Rxc6 49. Rd2+ Ke7 50. Rh2 Rc4+ 51. Kd3 Ra4 52. Rxh6 1/2-1/2

[Event "ETCC Women 2013"]
[Site "Warsaw"]
[Date "2013.11.12"]
[Round "5"]
[White "Szczepkowska-Horowska, Karina"]
[Black "Zhukova, Natalia"]
[Result "1/2-1/2"]
[ECO "C03"]
[WhiteElo "2382"]
[BlackElo "2466"]
[PlyCount "61"]
[EventDate "2013.??.??"]
[EventCountry "POL"]
[WhiteTeam "Poland"]
[BlackTeam "Ukraine"]
[WhiteTeamCountry "POL"]
[BlackTeamCountry "UKR"]
[TimeControl "40/5400+30:1800+30"]

1. e4 e6 2. d4 d5 3. Nd2 a6 4. Ngf3 c5 5. dxc5 Bxc5 6. Bd3 Ne7 7. O-O Nbc6 8.
c3 O-O 9. Nb3 Ba7 10. Qe2 Ng6 11. Nbd4 dxe4 12. Bxe4 Bxd4 13. Nxd4 Nxd4 14. cxd4 Qxd4 15. Rd1 Qf6 16. Be3 e5 17. g3 Re8 18. Rac1 Nf8 19. h4 h6 20. a4 Bd7 21. Rxd7 Nxd7 22. Bxb7 Rab8 23. Bxa6 Rxb2 24. Qxb2 Qxa6 25. Qb5 Qxb5 26. axb5 Rb8 27. Rc7 Nf6 28. Rc5 Nd7 29. Rc7 Nf6 30. Rc5 Nd7 31. Rc7 1/2-1/2

[Event "ETCC Women 2013"]
[Site "Warsaw"]
[Date "2013.11.12"]
[Round "5"]
[White "Thorsteinsdottir, Hallgerdur"]
[Black "Zimina, Olga"]
[Result "0-1"]
[ECO "D11"]
[WhiteElo "1951"]
[BlackElo "2338"]
[PlyCount "114"]
[EventDate "2013.??.??"]
[EventCountry "POL"]
[WhiteTeam "Iceland"]
[BlackTeam "Italy"]
[WhiteTeamCountry "ISL"]
[BlackTeamCountry "ITA"]
[TimeControl "40/5400+30:1800+30"]

1. d4 d5 2. c4 c6 3. Nf3 Nf6 4. e3 e6 5. b3 Bb4+ 6. Nbd2 Ne4 7. Bb2 f5 8. Bd3 Nd7 9. a3 Bd6 10. Ne5 Qf6 11. Ndf3 O-O 12. O-O Qh6 13. Nxd7 Bxd7 14. Ne5 Nf6 15. Qd2 Ng4 16. h3 Nf6 17. f4 g5 18. Qf2 Qg7 19. Rac1 g4 20.
hxg4 Nxg4 21. Nxg4 Qxg4 22. Be2 Qg7 23. Qh4 Be7 24. Qh3 Rf6 25.
Kf2 Rh6 26. Qf3 Rh2 27. Rh1 Bh4+ 28. Kg1 Rxh1+ 29. Kxh1 Bg3 30.
Bc3 Be8 31. Kg1 Bh4 32. Be1 Bf6 33. b4 a6 34. Qh3 Bg6 35. Kf1 Qe7 36. c5 Kh8 37. Bg3 Kg7 38. Bf3 a5 39. Be1 axb4 40. Bxb4 h5 41. Ra1 h4 42. g4 fxg4 43. Bxg4 Kf7 44. Ke2 Rh8 45. Rg1 Be4 46. Ba5 Rh6 47.
Bb6 Qd7 48. a4 Ke7 49. Kf2 Qc8 50. a5 Bf5 51. Qh1 Bxg4 52. Rxg4 h3 53. Qg1 Kf7 54. Kf3 h2 55. Qh1 Qh8 56. Rg2 Qh7 57. Kg3 Rh3+ 0-1

[Event "ETCC Women 2013"]
[Site "Warsaw"]
[Date "2013.11.12"]
[Round "5"]
[White "Tuominen, Tanja"]
[Black "Ciuksyte, Dagne"]
[Result "0-1"]
[ECO "B22"]
[WhiteElo "2105"]
[BlackElo "2355"]
[PlyCount "124"]
[EventDate "2013.??.??"]
[EventCountry "POL"]
[WhiteTeam "Finland"]
[BlackTeam "England"]
[WhiteTeamCountry "FIN"]
[BlackTeamCountry "ENG"]
[TimeControl "40/5400+30:1800+30"]

1. e4 c5 2. c3 Nf6 3. e5 Nd5 4. d4 cxd4 5. Nf3 e6 6. cxd4 d6 7. Bc4 Nc6 8. O-O Be7 9. a3 O-O 10. Re1 a6 11. Bd3 dxe5 12. dxe5 Qc7 13. Qc2 g6 14. Nc3 Rd8 15.
Nxd5 Rxd5 16. Bf4 b5 17. Be4 Rc5 18. Qe2 Bb7 19. Be3 Rc4 20. Bd3 Ra4 21. Bc2 Rg4 22. g3 Rc8 23. h3 Rc4 24. Bd3 Nxe5 25. Nxe5 Qxe5 26. Bxc4 Rxc4 27. Kh2 Qe4 28. Rg1 Rc2 29. Qd1 Rxb2 30. Qd4 Qxd4 31. Bxd4 Rd2 32. Rgd1 Rxd1 33. Rxd1 Bxa3 34. Bf6 Bd5 35. Ra1 b4 36. g4 Kf8 37.
Kg3 h6 38. h4 a5 39. Kf4 a4 40. Rxa3 bxa3 41. g5 hxg5+ 42. hxg5 a2 43. Bc3 Ke7 44. Ke5 Kd7 45. Kd4 Kc6 46. Bb2 e5+ 47. Kd3 Kd6 48. Kc3 Ke6 49. Kb4 Bb3 50. Bc3 Kf5 51. Ka3 e4 52. Bf6 a1=Q+ 53. Bxa1 Kxg5 54. Bd4 Kf4 55. Kb2 Kf3 56. Kc3 Ke2 57. Be3 f5 58. Bc5 g5 59.
Bd4 f4 60. Bf6 g4 61. Be5 f3 62. Bd4 e3 0-1

[Event "ETCC Women 2013"]
[Site "Warsaw"]
[Date "2013.11.12"]
[Round "5"]
[White "Unuk, Laura"]
[Black "Machlik, Monika"]
[Result "0-1"]
[ECO "A37"]
[WhiteElo "1991"]
[BlackElo "1936"]
[PlyCount "112"]
[EventDate "2013.??.??"]
[EventCountry "POL"]
[WhiteTeam "Slovenia"]
[BlackTeam "Norway"]
[WhiteTeamCountry "SLO"]
[BlackTeamCountry "NOR"]
[TimeControl "40/5400+30:1800+30"]

1. c4 c5 2. Nc3 Nc6 3. g3 g6 4. Bg2 Bg7 5. Nf3 Nh6 6. O-O Nf5 7. a3 O-O 8. Ne1 d6 9. Rb1 Ne5 10. d3 Rb8 11. e4 Nd4 12. f4 Nec6 13.
b4 cxb4 14. axb4 b5 15. Be3 Bd7 16. g4 Rb7 17. e5 dxe5 18. Bxd4 exd4 19. Nxb5 a6 20. Na3 Rxb4 21. Nec2 Rxb1 22. Qxb1 Qc7 23. h3 Rb8 24. Qa2 Nd8 25. Ne1 Bc6 26. Nac2 Bxg2 27. Nxg2 Qb7 28. Ra1 Ra8 29. Kf2 Ne6 30. Qa5 Qb8 31. f5 Nf4 32. Nxf4 Qxf4+ 33. Ke2 Qh2+ 34. Kd1 Qxh3 35. fxg6 hxg6 36. Qd2 Qxg4+ 37. Qe2 Qg1+ 38. Qe1 Qg4+ 39. Qe2 Qg1+ 40. Qe1 Qxe1+ 41. Nxe1 f5 42. Ke2 a5 43. Ra4 e5 44. c5 g5 45. c6 g4 46. c7 Rc8 47. Rc4 Bf6 48. Nc2 Be7 49. Na1 a4 50. Rxa4 Rxc7 51. Ra5 Bf6 52. Nb3 Rc2+ 53. Kf1 g3 54. Nc5 g2+ 55. Kg1 Bg5 56. Ra8+ Kh7 0-1

[Event "ETCC Women 2013"]
[Site "Warsaw"]
[Date "2013.11.12"]
[Round "5"]
[White "Vanagaite, Giedre"]
[Black "Voiska, Margarita"]
[Result "1/2-1/2"]
[ECO "A41"]
[WhiteElo "2057"]
[BlackElo "2298"]
[PlyCount "139"]
[EventDate "2013.??.??"]
[EventCountry "POL"]
[WhiteTeam "Lithuania"]
[BlackTeam "Bulgaria"]
[WhiteTeamCountry "LTU"]
[BlackTeamCountry "BUL"]
[TimeControl "40/5400+30:1800+30"]

1. d4 d6 2. Nf3 Bg4 3. e4 e6 4. Nc3 Nf6 5. h3 Bh5 6. Qe2 c6 7. g4 Bg6 8. h4 h5 9. g5 Nfd7 10. Bh3 Be7 11. Bf4 Nb6 12. O-O N8d7 13. a4 a5 14. Bg3 O-O 15.
Ne1 d5 16. Ng2 Bb4 17. Nf4 Re8 18. Nxg6 fxg6 19. Qd3 Bxc3 20. Qxc3 Nf8 21. b3 dxe4 22. Qe3 Nd5 23. Qxe4 Nc3 24. Qe1 Nd5 25. Rd1 Kh7 26. Qd2 Ne7 27. c4 Nf5 28. Qf4 Qb6 29. Rd3 c5 30. Bxf5 exf5 31. dxc5 Qxc5 32. Qd6 Qc8 33. Rfd1 Ra6 34. Qc7 Ne6 35. Qxc8 Rxc8 36. Bd6 Rd8 37. Ba3 Rxd3 38. Rxd3 Rb6 39. c5 Rc6 40. Rd7 Rc7 41. Rxc7 Nxc7 42. Kf1 Kg8 43. Ke2 Kf7 44. Kd3 Ke6 45. Kd4 Nd5 46. Bc1 f4 47.
f3 Ne7 48. Bxf4 Nf5+ 49. Ke4 Nxh4 50. Bc7 Kd7 51. Bxa5 Kc6 52.
Be1 Nf5 53. b4 h4 54. f4 h3 55. Kf3 Ne3 56. Kg3 Nd1 57. Kxh3 Nb2 58. Bc3 Nxa4 59. Bxg7 b6 60. cxb6 Nxb6 61. Bf8 Kd7 62. Kg4 Ke6 63. Kf3 Kf5 64. Bd6 Nc4 65. Bc7 Na3 66. Ke3 Nc2+ 67. Kd3 Nxb4+ 68. Kc4 Nc2 69. Kd3 Nb4+ 70. Kc4 1/2-1/2

[Event "ETCC Women 2013"]
[Site "Warsaw"]
[Date "2013.11.12"]
[Round "5"]
[White "Vega Gutierrez, Sabrina"]
[Black "Manakova, Maria"]
[Result "1-0"]
[ECO "B33"]
[WhiteElo "2385"]
[BlackElo "2324"]
[PlyCount "83"]
[EventDate "2013.??.??"]
[EventCountry "POL"]
[WhiteTeam "Spain"]
[BlackTeam "Serbia"]
[WhiteTeamCountry "ESP"]
[BlackTeamCountry "SRB"]
[TimeControl "40/5400+30:1800+30"]

1. e4 c5 2. Nf3 Nc6 3. d4 cxd4 4. Nxd4 Nf6 5. Nc3 e5 6. Ndb5 d6 7. Bg5 a6 8. Na3 b5 9. Nd5 Be7 10. Bxf6 Bxf6 11. c4 b4 12. Nc2 a5 13. g3 O-O 14. Bg2 Bg5 15. O-O Be6 16. Qd3 Qb8 17. Rfd1 Bd8 18. b3 Bb6 19. Nxb6 Qxb6 20. Qe2 Rfd8 21. Rd3 a4 22. Rad1 Qc5 23. R1d2 axb3 24. axb3 g6 25. Bf3 h5 26. Kg2 Ra2 27. Qd1 Kf8 28. h4 Ke7 29. Nd4 Rxd2 30.
Nxc6+ Qxc6 31. Qxd2 Qc5 32. Qg5+ Ke8 33. Qf6 Rd7 34. Rd2 Qa7 35. Kh2 Qa1 36. Bg2 Qa7 37. Bh3 Bxh3 38. Kxh3 Qc5 39. Kg2 Rd8 40. Rd5 Qc7 41. Rb5 Qc6 42. Rxe5+ 1-0

[Event "ETCC Women 2013"]
[Site "Warsaw"]
[Date "2013.11.12"]
[Round "5"]
[White "Videnova, Iva"]
[Black "Zaksaite, Salomeja"]
[Result "0-1"]
[ECO "B33"]
[WhiteElo "2272"]
[BlackElo "2200"]
[PlyCount "98"]
[EventDate "2013.??.??"]
[EventCountry "POL"]
[WhiteTeam "Bulgaria"]
[BlackTeam "Lithuania"]
[WhiteTeamCountry "BUL"]
[BlackTeamCountry "LTU"]
[TimeControl "40/5400+30:1800+30"]

1. e4 c5 2. Nf3 Nc6 3. d4 cxd4 4. Nxd4 Nf6 5. Nc3 e5 6. Ndb5 d6 7. Bg5 a6 8. Na3 b5 9. Nd5 Be7 10. Bxf6 Bxf6 11. c4 Nd4 12. cxb5 Bb7 13.
Nc3 O-O 14. bxa6 Rxa6 15. Bxa6 Bxa6 16. h4 Qb8 17. Qd2 Bd8 18. O-O-O Ba5 19. Rh3 f5 20. Nc2 Ne2+ 21. Kb1 Nxc3+ 22. Rxc3 Bxc3 23. Qxc3 fxe4 24. Nb4 Be2 25. Re1 Rxf2 26. Rxe2 Rxe2 27. Qc4+ d5 28. Qxe2 Qxb4 29. a3 Qd4 30. Qb5 h6 31. Qc6 Qd3+ 32. Qc2 Qxc2+ 33. Kxc2 Kf7 34. a4 Ke6 35. g4 Kd6 36. b4 Kc6 37. Kc3 d4+ 38. Kc4 e3 39. b5+ Kb6 40. Kd3 e4+ 41. Ke2 Kc5 42. g5 hxg5 43. hxg5 g6 44. Ke1 d3 45. Kd1 e2+ 46. Kd2 e3+ 47. Ke1 Kb6 48.
a5+ Kxa5 49. b6 d2+ 0-1

[Event "ETCC Women 2013"]
[Site "Warsaw"]
[Date "2013.11.12"]
[Round "5"]
[White "Vojinovic, Jovana"]
[Black "Matnadze, Ana"]
[Result "0-1"]
[ECO "A12"]
[WhiteElo "2352"]
[BlackElo "2373"]
[PlyCount "66"]
[EventDate "2013.??.??"]
[EventCountry "POL"]
[WhiteTeam "Serbia"]
[BlackTeam "Spain"]
[WhiteTeamCountry "SRB"]
[BlackTeamCountry "ESP"]
[TimeControl "40/5400+30:1800+30"]

1. b3 d5 2. Bb2 Nf6 3. Nf3 g6 4. c4 c6 5. cxd5 cxd5 6. Bxf6 exf6 7. e3 Nc6 8.
Nc3 a6 9. Be2 d4 10. exd4 Nxd4 11. Bc4 Bg4 12. Bd5 Qe7+ 13. Kf1 Bh6 14. h4 O-O 15. h5 Kg7 16. Rh4 f5 17. Rxg4 Nxf3 18. Ra4 Nxd2+ 19. Kg1 Qe5 20. Rc1 Rac8 21. Rc2 Rxc3 22. Qa1 Re3 23. Qxe5+ Rxe5 24. Bxb7 Re1+ 25. Kh2 Re2 26. Rc8 Rxc8 27. Bxc8 Rxf2 28. hxg6 Bf4+ 29. Kh3 hxg6 30. Bxa6 Ne4 31. Bb7 Nc5 32. Rb4 Nxb7 33. g3 Be5 0-1